[Event "42nd Olympiad Baku 2016 Open"]
[Site "Baku"]
[Date "2016.09.03"]
[Round "2.36"]
[White "Franco Ocampos, Zenon"]
[Black "Barcenilla, Rogelio"]
[Result "1-0"]
[ECO "D05"]
[WhiteElo "2496"]
[BlackElo "2455"]
[Annotator ""]
[PlyCount "111"]
[EventDate "2016.??.??"]
[EventCountry "AZE"]
[SourceTitle "playchess.com"]
[Source "ChessBase"]
[WhiteTeam "Paraguay"]
[BlackTeam "Philippines"]
[WhiteTeamCountry "PAR"]
[BlackTeamCountry "PHI"]
[TimeControl "40/5400+30:1800+30"]

1. d4 {(00:00)} Nf6 {(00:00)} 2. Nf3 {(00:00)} e6 {
(00:05)} 3. e3 {(00:18)} d5 {(00:12)} 4. Bd3 {(00:
23)} c5 {(00:08)} 5. b3 {(00:40)} Nc6 {(00:35)} 6. Bb2 {
(00:28)} Qc7 {(05:07)} 7. c4 {(07:07)} dxc4 {(30:
49)} 8. bxc4 {(01:52)} cxd4 {(03:48)} 9. exd4 {(00:47)}
Bb4+ {(03:53)} 10. Nbd2 {(01:32)} O-O {(00:49)} 11. O-O {
(00:46)} Rd8 {(00:28)} 12. Qe2 {(06:28)} Qa5 {(07:
58)} 13. Ne4 {(06:17)} Nxe4 {(16:31)} 14. Bxe4 {(01:18)}
Qh5 {(01:51)} 15. Rfd1 {(10:30)} Bd6 {(01:05)} 16. Qe3 {
(04:09)} Ne7 {(00:39)} 17. Ba3 {(10:36)} Nf5 {(01:
53)} 18. Qc3 {(01:51)} Bxa3 {(00:36)} 19. Qxa3 {(00:06)}
Nd6 {(00:07)} 20. Bd3 {(00:30)} f6 {(03:07)} 21. Re1 {
(06:51)} Qf7 {(03:55)} 22. Re3 {(03:43)} Ne8 {(05:
12)} 23. Rb1 {(05:25)} Qc7 {(04:50)} 24. c5 {(03:33)} Qf7
{(01:02)} 25. Be4 {(00:54)} Nc7 {(01:08)} 26. Bxb7 {
(01:50)} Nb5 {(00:17)} 27. Rxb5 {(07:24)} Bxb7 {(
00:06)} 28. Qb2 {(04:18)} Bc6 {(00:37)} 29. Rb4 {(00:47)}
Qg6 {(02:22)} 30. h3 {(01:02)} Bd5 {(00:48)} 31. Ne1 {
(02:03)} h5 {(01:57)} 32. Qe2 {(02:49)} Rab8 {(01:
29)} 33. Qb2 {(00:32)} Rxb4 {(00:28)} 34. Qxb4 {(00:04)}
Qe8 {(00:05)} 35. Qa3 {(02:12)} Rb8 {(01:26)} 36. Qxa7 {
(02:05)} Ra8 {(00:36)} 37. Qc7 {(00:13)} Rxa2 {(00:
08)} 38. Rg3 {(01:05)} g5 {(00:55)} 39. Re3 {(01:18)} Ra1
{(01:01)} 40. Kh2 {(00:00)} Qf7 {(00:00)} 41. Qb6 {
(04:42)} Qd7 {(18:39)} 42. Nc2 {(03:54)} Ra7 {(04:
06)} 43. Nb4 {(03:37)} Bc4 {(05:11)} 44. d5 {(03:49)} Rb7
{(01:40)} 45. dxe6 {(02:00)} Bxe6 {(00:12)} 46. Qxe6+ {
(00:21)} Qxe6 {(00:08)} 47. Rxe6 {(00:02)} Rxb4 {(
00:08)} 48. Rxf6 {(00:13)} Kg7 {(00:07)} 49. Rc6 {(02:01)}
Rb2 {(00:45)} 50. Kg3 {(02:55)} Rb3+ {(00:12)} 51. f3 {
(00:45)} Rb4 {(00:08)} 52. Rd6 {(02:49)} h4+ {(00:
51)} 53. Kf2 {(00:45)} Rb2+ {(00:07)} 54. Ke3 {(00:22)}
Rxg2 {(00:11)} 55. Rd2 {(00:05)} Rg1 {(02:50)} 56. Rc2 {
(00:04)} 1-0

[Event "42nd Olympiad Baku 2016 Open"]
[Site "Baku"]
[Date "2016.09.03"]
[Round "2.12"]
[White "Fridman, Daniel"]
[Black "Marjanovic, Dejan"]
[Result "1/2-1/2"]
[ECO "E11"]
[WhiteElo "2618"]
[BlackElo "2432"]
[Annotator ""]
[PlyCount "100"]
[EventDate "2016.??.??"]
[EventCountry "AZE"]
[SourceTitle "playchess.com"]
[Source "ChessBase"]
[WhiteTeam "Germany"]
[BlackTeam "Bosnia  Herzegovina"]
[WhiteTeamCountry "GER"]
[BlackTeamCountry "BIH"]
[TimeControl "40/5400+30:1800+30"]

1. d4 {(00:00)} Nf6 2. c4 {(00:00)} e6 {(02:07)} 3. Nf3 {
(00:01)} Bb4+ {(00:14)} 4. Bd2 {(00:09)} a5 {(00:
23)} 5. Nc3 {(00:06)} b6 {(01:57)} 6. g3 {(02:04)} O-O {
(02:58)} 7. Bg2 {(00:07)} Bb7 {(03:23)} 8. O-O {(
02:59)} d6 {(04:36)} 9. Rc1 {(12:31)} Nbd7 {(01:46)} 10.
Nb5 {(03:59)} Bxd2 {(10:14)} 11. Qxd2 {(00:19)} Rc8 {
(12:25)} 12. Qe3 {(20:27)} Qe7 {(05:46)} 13. d5 {(
03:05)} Ng4 {(13:46)} 14. Qg5 {(09:31)} Ngf6 {(07:29)} 15.
Nfd4 {(03:09)} h6 {(06:42)} 16. Qe3 {(01:19)} Rfe8 {
(09:51)} 17. Na7 {(09:59)} Ra8 {(01:03)} 18. Nac6 {
(00:08)} Bxc6 {(00:23)} 19. Nxc6 {(00:06)} Qf8 {(
00:09)} 20. dxe6 {(02:22)} Rxe6 {(00:30)} 21. Qd2 {(00:07]
} Rae8 {(01:39)} 22. e3 {(03:19)} Ne4 {(04:31)} 23. Qc2 {
(02:00)} g6 {(03:14)} 24. Nd4 {(03:15)} R6e7 {(01:
33)} 25. Nc6 {(00:28)} Re6 {(00:05)} 26. a3 {(00:21)} f5 {
(01:17)} 27. b4 {(00:57)} axb4 {(00:11)} 28. axb4 {
(00:05)} Ne5 {(01:51)} 29. Nd4 {(00:43)} R6e7 {(01:
29)} 30. b5 {(03:10)} Nf6 {(02:02)} 31. Ra1 {(01:23)} Qf7
{(00:41)} 32. Nc6 {(02:57)} Nxc6 {(00:46)} 33. Bxc6 {
(00:10)} Rf8 {(00:31)} 34. Rfd1 {(01:29)} Kh7 {(00:
13)} 35. Ra7 {(01:39)} Rg8 {(01:07)} 36. Qb2 {(02:43)} Rg7
{(00:31)} 37. Ra8 {(00:46)} h5 {(00:26)} 38. Rd8 {(
02:43)} Rg8 {(00:29)} 39. Rxg8 {(00:10)} Nxg8 {(00:34)}
40. Qd4 {(00:00)} Nf6 {(00:00)} 41. Ra1 {(10:56)} Qg7 {
(04:57)} 42. Ra8 {(05:52)} Rf7 {(05:12)} 43. Kg2 {(
02:27)} Rf8 {(00:13)} 44. Ra7 {(00:07)} Rf7 {(00:41)} 45.
h3 {(04:25)} Qf8 {(02:58)} 46. Ra8 {(01:25)} Qe7 {(
00:32)} 47. Kf1 {(01:38)} Rf8 {(01:14)} 48. Ra7 {(00:06)}
Rf7 {(00:08)} 49. Kg2 {(02:17)} Rg7 {(00:51)} 50. Ra8 {
(05:36)} Rg8 {(01:22)} 1/2-1/2

[Event "42nd Olympiad Baku 2016 Open"]
[Site "Baku"]
[Date "2016.09.03"]
[Round "2.25"]
[White "Ftacnik, Lubomir"]
[Black "Papaioannou, Ioannis"]
[Result "1/2-1/2"]
[ECO "A06"]
[WhiteElo "2548"]
[BlackElo "2631"]
[Annotator ""]
[PlyCount "115"]
[EventDate "2016.??.??"]
[EventCountry "AZE"]
[SourceTitle "playchess.com"]
[Source "ChessBase"]
[WhiteTeam "Slovakia"]
[BlackTeam "Greece"]
[WhiteTeamCountry "SVK"]
[BlackTeamCountry "GRE"]
[TimeControl "40/5400+30:1800+30"]

1. Nf3 {(00:00)} d5 {(00:00)} 2. d4 {(00:00)} Bf5 {
(00:00)} 3. c4 {(00:21)} e6 {(01:50)} 4. Nc3 {(00:
49)} Bb4 {(00:24)} 5. cxd5 {(02:19)} exd5 {(00:37)} 6. Bg5
{(01:21)} f6 {(00:53)} 7. Bf4 {(04:37)} Nc6 {(02:
40)} 8. e3 {(00:32)} Qd7 {(04:02)} 9. Be2 {(01:43)} Nge7 {
(01:18)} 10. Rc1 {(02:47)} g5 {(09:47)} 11. Bg3 {(
00:36)} Bg6 {(00:32)} 12. a3 {(03:00)} Bd6 {(07:48)} 13.
Bxd6 {(04:27)} Qxd6 {(02:18)} 14. Nd2 {(00:57)} a6 {
(03:03)} 15. h4 {(01:35)} O-O {(01:28)} 16. Bh5 {(
04:34)} Bf5 {(02:03)} 17. Nf1 {(05:13)} Be6 {(02:32)} 18.
Be2 {(08:55)} Nf5 {(05:18)} 19. hxg5 {(03:11)} fxg5 {
(00:09)} 20. Bd3 {(12:41)} Qe7 {(04:44)} 21. g3 {(
05:21)} Rf7 {(02:38)} 22. Nh2 {(11:21)} Raf8 {(03:46)} 23.
Ng4 {(01:43)} Kh8 {(02:19)} 24. Kd2 {(06:47)} Qd7 {
(06:09)} 25. Bxf5 {(03:15)} Rxf5 {(02:45)} 26. f4 {
(04:31)} gxf4 {(00:37)} 27. gxf4 {(00:04)} Rxf4 {(
04:57)} 28. exf4 {(00:23)} Bxg4 {(00:08)} 29. Qg1 {(01:13]
} Qg7 {(03:46)} 30. Ne2 {(03:19)} Re8 {(01:18)} 31. Re1 {
(00:13)} Re4 {(00:28)} 32. Nc3 {(00:33)} Rxe1 {(06:
36)} 33. Qxe1 {(02:55)} Qxd4+ {(00:27)} 34. Kc1 {(00:11)}
Qxf4+ {(01:16)} 35. Kb1 {(00:58)} d4 {(01:38)} 36. Rf1 {
(00:46)} Qe5 {(00:53)} 37. Qf2 {(00:50)} Ne7 {(02:
46)} 38. Re1 {(02:32)} Qf5+ {(00:25)} 39. Qxf5 {(00:13)}
Bxf5+ {(01:38)} 40. Kc1 {(00:00)} Ng6 {(00:00)} 41. Nd5 {
(05:10)} Kg7 {(10:25)} 42. Nxc7 {(00:51)} Kf6 {(00:
13)} 43. Ne8+ {(02:28)} Kg5 {(00:28)} 44. Nd6 {(00:47)} h5
{(00:53)} 45. Kd2 {(07:48)} h4 {(00:54)} 46. Nxb7 {
(00:45)} h3 {(01:07)} 47. Nc5 {(00:51)} Nh4 {(02:
03)} 48. Rh1 {(03:29)} Kf4 {(02:07)} 49. b4 {(00:25)} Kg3
{(03:38)} 50. a4 {(01:57)} Kg2 {(07:07)} 51. Rxh3 {
(02:38)} Kxh3 {(00:06)} 52. b5 {(00:57)} axb5 {(00:
27)} 53. axb5 {(00:02)} Nf3+ {(00:13)} 54. Kd1 {(02:30)}
Ne5 {(02:24)} 55. b6 {(00:08)} Nc6 {(01:12)} 56. b7 {
(00:16)} Kg3 {(01:13)} 57. Nb3 {(01:22)} Nb8 {(00:
13)} 58. Nxd4 {(00:10)} 1/2-1/2

[Event "42nd Olympiad Baku 2016 Open"]
[Site "Baku"]
[Date "2016.09.03"]
[Round "2.2"]
[White "Gascon Del Nogal, Jose Rafael"]
[Black "Villegas, Pierre"]
[Result "0-1"]
[ECO "B13"]
[WhiteElo "2436"]
[BlackElo "2329"]
[Annotator ""]
[PlyCount "70"]
[EventDate "2016.??.??"]
[EventCountry "AZE"]
[SourceTitle "playchess.com"]
[Source "ChessBase"]
[WhiteTeam "Venezuela"]
[BlackTeam "Monaco"]
[WhiteTeamCountry "VEN"]
[BlackTeamCountry "MNC"]
[TimeControl "40/5400+30:1800+30"]

1. e4 {(00:00)} c6 {(00:00)} 2. d4 {(00:00)} d5 {(
00:00)} 3. exd5 {(00:00)} cxd5 {(00:00)} 4. c4 {(00:00)}
Nf6 {(00:12)} 5. Nc3 {(00:03)} Nc6 {(00:07)} 6. Bg5 {
(00:13)} e6 {(00:36)} 7. c5 {(01:07)} Be7 {(01:05)}
8. Nf3 {(02:37)} O-O {(00:09)} 9. Bb5 {(00:06)} Ne4 {
(01:33)} 10. Bxe7 {(00:29)} Nxe7 {(00:07)} 11. Qc2 {
(02:48)} Qa5 {(37:20)} 12. Bd3 {(00:57)} Nxc3 {(02:
24)} 13. bxc3 {(02:21)} g6 {(02:45)} 14. Rb1 {(08:07)} Nc6
{(08:13)} 15. O-O {(12:43)} Qc7 {(04:19)} 16. Rfe1 {
(01:39)} b6 {(02:33)} 17. c4 {(02:39)} dxc4 {(02:
45)} 18. Qxc4 {(05:30)} Na5 {(03:07)} 19. Qc1 {(00:47)}
Bb7 {(10:11)} 20. Be4 {(02:28)} Rae8 {(08:38)} 21. Bxb7 {
(06:15)} Qxb7 {(00:19)} 22. Ne5 {(06:21)} f6 {(05:
03)} 23. Nd3 {(17:00)} Qd7 {(03:06)} 24. Qc3 {(05:52)} Nc6
{(02:01)} 25. cxb6 {(01:29)} axb6 {(00:02)} 26. Rxb6 {
(01:34)} Nxd4 {(00:37)} 27. Nc5 {(08:05)} Qd5 {(01:
21)} 28. Ne4 {(00:52)} Rd8 {(02:22)} 29. h4 {(03:22)} Qe5
{(01:53)} 30. Ng3 {(08:04)} Nf3+ {(00:44)} 31. Qxf3 {
(00:21)} Qxe1+ {(00:01)} 32. Kh2 {(00:09)} Qe5 {(
00:59)} 33. Qg4 {(01:58)} Rd4 {(00:38)} 34. Qh3 {(00:24)}
f5 {(00:17)} 35. Rb3 {(00:30)} Qf6 {(00:31)} 0-1

[Event "42nd Olympiad Baku 2016 Open"]
[Site "Baku"]
[Date "2016.09.03"]
[Round "2.37"]
[White "Giri, Anish"]
[Black "Gruenfeld, Yehuda"]
[Result "1-0"]
[ECO "B90"]
[WhiteElo "2755"]
[BlackElo "2451"]
[Annotator ""]
[PlyCount "63"]
[EventDate "2016.??.??"]
[EventCountry "AZE"]
[SourceTitle "playchess.com"]
[Source "ChessBase"]
[WhiteTeam "Netherlands"]
[BlackTeam "ICCD"]
[WhiteTeamCountry "NED"]
[BlackTeamCountry "ISR"]
[TimeControl "40/5400+30:1800+30"]

1. e4 {(00:00)} c5 {(00:03)} 2. Nf3 {(00:00)} d6 {(
00:16)} 3. d4 {(00:00)} cxd4 {(00:06)} 4. Nxd4 {(00:02)}
Nf6 {(00:05)} 5. Nc3 {(00:05)} a6 {(00:05)} 6. h3 {
(00:07)} e5 {(03:52)} 7. Nde2 {(01:47)} h5 {(03:52]
} 8. g3 {(04:04)} Nbd7 {(03:36)} 9. a4 {(00:43)} Be7 {
(04:57)} 10. Bg2 {(00:58)} b6 {(07:20)} 11. Nd5 {(
02:27)} Nxd5 {(01:36)} 12. Qxd5 {(00:25)} Rb8 {(02:37)}
13. Nc3 {(14:22)} Bb7 {(01:22)} 14. Qd2 {(06:40)} Rc8 {
(04:15)} 15. h4 {(00:24)} Nf6 {(00:46)} 16. Qd3 {(
02:49)} O-O {(03:13)} 17. O-O {(00:10)} Qd7 {(03:26)} 18.
Bg5 {(05:23)} Rfd8 {(06:54)} 19. Rfd1 {(05:17)} g6 {
(05:22)} 20. Rd2 {(02:36)} Kf8 {(13:40)} 21. Rad1 {
(06:14)} Rc6 {(10:45)} 22. Bxf6 {(05:00)} Bxf6 {(
00:08)} 23. Nd5 {(00:05)} Be7 {(03:39)} 24. Qe3 {(01:59)}
b5 {(01:32)} 25. axb5 {(00:10)} axb5 {(00:06)} 26. Bf1 {
(00:04)} Rc5 {(03:10)} 27. Nxe7 {(05:34)} Kxe7 {(
00:50)} 28. Rxd6 {(00:46)} Qxd6 {(00:10)} 29. Rxd6 {(00:
02)} Kxd6 {(00:09)} 30. b4 {(00:04)} Rc7 {(01:38)} 31.
Qb6+ {(05:49)} Bc6 {(00:21)} 32. Bh3 {(01:31] Kd5} 1-0

[Event "42nd Olympiad Baku 2016 Open"]
[Site "Baku"]
[Date "2016.09.03"]
[Round "2.15"]
[White "Glud, Jakob Vang"]
[Black "Anton Guijarro, David"]
[Result "0-1"]
[ECO "A80"]
[WhiteElo "2526"]
[BlackElo "2630"]
[Annotator ""]
[PlyCount "86"]
[EventDate "2016.??.??"]
[EventCountry "AZE"]
[SourceTitle "playchess.com"]
[Source "ChessBase"]
[WhiteTeam "Denmark"]
[BlackTeam "Spain"]
[WhiteTeamCountry "DEN"]
[BlackTeamCountry "ESP"]
[TimeControl "40/5400+30:1800+30"]

1. d4 {(00:00)} f5 {(00:23)} 2. Nc3 {(00:22)} Nf6 {
(00:21)} 3. Bg5 {(00:40)} d5 {(00:29)} 4. e3 {(00:
21)} Be6 {(03:05)} 5. Nf3 {(07:12)} g6 {(04:49)} 6. Ne2 {
(10:58)} Ne4 {(05:42)} 7. Nf4 {(05:29)} Bf7 {(01:
09)} 8. Nd3 {(00:23)} Bg7 {(07:56)} 9. Bf4 {(01:43)} O-O {
(01:22)} 10. Nde5 {(10:22)} e6 {(09:26)} 11. h3 {(
02:11)} c5 {(06:44)} 12. Bd3 {(04:29)} g5 {(07:56)} 13.
Bh2 {(06:30)} cxd4 {(03:59)} 14. Nxd4 {(05:15)} Qc7 {
(02:49)} 15. Nb5 {(05:28)} Qa5+ {(03:13)} 16. c3 {(
00:05)} Be8 {(03:18)} 17. a4 {(01:43)} a6 {(09:18)} 18.
Nd4 {(00:38)} Nd7 {(02:25)} 19. Nef3 {(08:42)} Qb6 {
(04:39)} 20. O-O {(03:42)} e5 {(03:01)} 21. Nb3 {(
01:04)} Rd8 {(02:38)} 22. a5 {(01:50)} Qf6 {(02:10)} 23.
c4 {(01:17)} Bf7 {(01:00)} 24. Qe2 {(04:45)} Nd6 {(
02:39)} 25. c5 {(03:51)} Ne4 {(00:28)} 26. Rac1 {(02:51)}
Rc8 {(01:32)} 27. Rfd1 {(01:11)} Qe7 {(03:55)} 28. Qe1 {
(05:18)} Rfd8 {(02:41)} 29. Qb4 {(01:18)} Nb8 {(00:
36)} 30. Ne1 {(01:08)} Nc6 {(00:25)} 31. Qb6 {(00:08)} Be6
{(01:12)} 32. Be2 {(01:34)} f4 {(01:38)} 33. Nd3 {(
00:32)} Rd7 {(01:27)} 34. Nb4 {(00:58)} Qf7 {(00:57)} 35.
exf4 {(01:11)} gxf4 {(00:13)} 36. Nxc6 {(01:06)} Rxc6 {
(00:09)} 37. Qb4 {(00:06)} Qg6 {(00:54)} 38. Bg4 {(
00:46)} Bxg4 {(01:06)} 39. hxg4 {(00:04)} Qxg4 {(00:45)}
40. f3 {(00:00)} Qh5 {(00:00)} 41. fxe4 {(09:01)} Rh6 {
(01:07)} 42. Rd3 {(02:56)} Qxh2+ {(04:34)} 43. Kf1 {
(03:12)} Rg6 {(02:16)} 0-1

[Event "42nd Olympiad Baku 2016 Open"]
[Site "Baku"]
[Date "2016.09.03"]
[Round "2.34"]
[White "Gonzalez Acosta, Bernal"]
[Black "Vidit, Santosh Gujrathi"]
[Result "0-1"]
[ECO "A43"]
[WhiteElo "2481"]
[BlackElo "2669"]
[Annotator ""]
[PlyCount "64"]
[EventDate "2016.??.??"]
[EventCountry "AZE"]
[SourceTitle "playchess.com"]
[Source "ChessBase"]
[WhiteTeam "Costa Rica"]
[BlackTeam "India"]
[WhiteTeamCountry "CRI"]
[BlackTeamCountry "IND"]
[TimeControl "40/5400+30:1800+30"]

1. d4 {(00:00)} Nf6 {(00:00)} 2. Nf3 {(00:00)} c5 {
(03:50)} 3. d5 {(00:00)} g6 {(00:07)} 4. c4 {(01:
14)} Bg7 {(00:24)} 5. Nc3 {(00:25)} O-O {(00:12)} 6. g3 {
(02:06)} d6 {(00:32)} 7. Bg2 {(00:04)} e6 {(00:25)}
8. O-O {(00:15)} exd5 {(00:05)} 9. cxd5 {(00:04)} Re8 {
(00:01)} 10. Bf4 {(00:04)} Ne4 {(00:22)} 11. Nxe4 {
(00:04)} Rxe4 {(00:08)} 12. Nd2 {(00:02)} Rxf4 {(
00:11)} 13. gxf4 {(00:03)} Bxb2 {(00:09)} 14. Rb1 {(00:28]
} Bg7 {(00:08)} 15. Qc2 {(09:22)} Na6 {(08:06)} 16. a3 {
(10:58)} Rb8 {(00:51)} 17. Rfe1 {(08:22)} Bh6 {(12:
15)} 18. e3 {(01:44)} b5 {(00:49)} 19. Kh1 {(11:46)} Bd7 {
(06:16)} 20. Be4 {(11:01)} Qf6 {(13:25)} 21. Rg1 {(
07:24)} Bg7 {(04:09)} 22. f5 {(06:01)} c4 {(02:17)} 23. a4
{(09:01)} Nc5 {(01:53)} 24. axb5 {(10:37)} c3 {(00:
26)} 25. Nf3 {(03:52)} Nxe4 {(02:00)} 26. Qxe4 {(00:03)}
Bxf5 {(00:09)} 27. Qf4 {(00:51)} Bxb1 {(01:17)} 28. Qxf6 {
(00:03)} Bxf6 {(00:03)} 29. Rxb1 {(00:06)} Rc8 {(
00:46)} 30. Ne1 {(01:03)} Rc5 {(00:17)} 31. e4 {(01:08)}
c2 {(00:46)} 32. Rc1 {(00:09)} Rxb5 {(00:02)} 0-1

[Event "42nd Olympiad Baku 2016 Open"]
[Site "Baku"]
[Date "2016.09.03"]
[Round "2.16"]
[White "Gonzalez Vidal, Yuri"]
[Black "Hesham, Abdelrahman"]
[Result "1-0"]
[ECO "C65"]
[WhiteElo "2553"]
[BlackElo "2419"]
[Annotator ""]
[PlyCount "31"]
[EventDate "2016.??.??"]
[EventCountry "AZE"]
[SourceTitle "playchess.com"]
[Source "ChessBase"]
[WhiteTeam "Cuba"]
[BlackTeam "Egypt"]
[WhiteTeamCountry "CUB"]
[BlackTeamCountry "EGY"]
[TimeControl "40/5400+30:1800+30"]

1. e4 {(00:00)} e5 {(00:00)} 2. Nf3 {(00:10)} Nc6 {
(00:00)} 3. Bb5 {(01:34)} Nf6 {(00:00)} 4. d3 {(01:
14)} Bc5 {(00:00)} 5. Bxc6 {(03:53)} dxc6 {(00:00)} 6. Qe2
{(00:34)} Qd6 {(06:42)} 7. Nbd2 {(07:42)} Be6 {(01:
50)} 8. O-O {(07:28)} Nd7 {(20:56)} 9. Ng5 {(02:47)} Nf8 {
(02:41)} 10. Kh1 {(07:59)} f6 {(04:35)} 11. Nxe6 {(
02:03)} Nxe6 {(00:06)} 12. Nc4 {(02:10)} Qd7 {(08:04)} 13.
f4 {(14:32)} b5 {(06:59)} 14. Na5 {(00:45)} Nxf4 {(
08:35)} 15. Bxf4 {(00:15)} exf4 {(00:05)} 16. Qh5+ {(00:
07)} 1-0

[Event "42nd Olympiad Baku 2016 Open"]
[Site "Baku"]
[Date "2016.09.03"]
[Round "2.5"]
[White "Greet, Andrew N"]
[Black "Caruana, Fabiano"]
[Result "0-1"]
[ECO "C47"]
[WhiteElo "2455"]
[BlackElo "2808"]
[Annotator ""]
[PlyCount "74"]
[EventDate "2016.??.??"]
[EventCountry "AZE"]
[SourceTitle "playchess.com"]
[Source "ChessBase"]
[WhiteTeam "Scotland"]
[BlackTeam "United States"]
[WhiteTeamCountry "SCO"]
[BlackTeamCountry "USA"]
[TimeControl "40/5400+30:1800+30"]

1. e4 {(00:00)} e5 {(00:00)} 2. Nf3 {(00:00)} Nc6 {
(00:00)} 3. Nc3 {(00:33)} Nf6 {(00:39)} 4. Be2 {(
00:30)} d5 {(06:01)} 5. exd5 {(00:15)} Nxd5 {(00:05)} 6.
O-O {(00:26)} Nxc3 {(01:14)} 7. bxc3 {(00:09)} e4 {
(05:34)} 8. Ne1 {(01:15)} Bd6 {(06:24)} 9. f3 {(19:
10)} f5 {(30:00)} 10. fxe4 {(03:33)} fxe4 {(00:07)} 11. d4
{(16:59)} Be6 {(01:49)} 12. Rb1 {(03:59)} Na5 {(09:
03)} 13. g3 {(11:23)} Qd7 {(05:47)} 14. Rb5 {(08:55)} Nc4
{(11:37)} 15. Rxb7 {(18:43)} Nb6 {(00:13)} 16. c4 {
(00:10)} Qc6 {(03:30)} 17. c5 {(02:17)} Qxb7 {(02:
55)} 18. cxd6 {(00:19)} cxd6 {(00:21)} 19. Bb5+ {(01:08)}
Bd7 {(00:55)} 20. Ng2 {(02:17)} O-O-O {(05:25)} 21. Rf7 {
(01:42)} Qd5 {(00:38)} 22. Ba6+ {(00:33)} Kb8 {(00:
05)} 23. Rxg7 {(00:19)} Qxa2 {(00:42)} 24. Be2 {(02:16)}
Ba4 {(01:50)} 25. Ne3 {(01:02)} Rc8 {(02:50)} 26. Qe1 {
(02:24)} Bxc2 {(00:52)} 27. Bg4 {(01:02)} Rc6 {(01:
13)} 28. Nf5 {(01:34)} e3 {(01:48)} 29. Ne7 {(00:58)} Be4
{(01:39)} 30. Nxc6+ {(00:08)} Bxc6 {(00:04)} 31. Qe2 {
(00:53)} Qd5 {(00:14)} 32. Bxe3 {(00:32)} Rf8 {(00:
37)} 33. Bf4 {(00:14)} Rxf4 {(01:00)} 34. gxf4 {(00:24)}
Qxd4+ {(00:05)} 35. Kf1 {(00:47)} Qxg7 {(00:11)} 36. f5 {
(00:27)} Nd5 {(01:01)} 37. Bf3 {(00:31)} Qa1+ {(00:
20)} 0-1

[Event "42nd Olympiad Baku 2016 Open"]
[Site "Baku"]
[Date "2016.09.03"]
[Round "2.18"]
[White "Gretarsson, Hjorvar Steinn"]
[Black "Laznicka, Viktor"]
[Result "1-0"]
[ECO "D20"]
[WhiteElo "2547"]
[BlackElo "2651"]
[Annotator ""]
[PlyCount "75"]
[EventDate "2016.??.??"]
[EventCountry "AZE"]
[SourceTitle "playchess.com"]
[Source "ChessBase"]
[WhiteTeam "Iceland"]
[BlackTeam "Czech Republic"]
[WhiteTeamCountry "ISL"]
[BlackTeamCountry "CZE"]
[TimeControl "40/5400+30:1800+30"]

1. d4 {(00:00)} d5 {(00:00)} 2. c4 {(00:00)} dxc4 {
(00:00)} 3. e4 {(00:21)} Nf6 {(00:06)} 4. e5 {(00:
32)} Nd5 {(00:05)} 5. Bxc4 {(00:19)} Nb6 {(00:04)} 6. Bd3
{(00:56)} Nc6 {(00:06)} 7. Ne2 {(00:20)} Bg4 {(00:
16)} 8. Be3 {(01:05)} Qd7 {(00:37)} 9. Nbc3 {(00:27)}
O-O-O {(00:52)} 10. a4 {(03:11)} Nxe5 {(00:56)} 11. Bb5 {
(00:42)} c6 {(00:24)} 12. dxe5 {(00:43)} Qxd1+ {(
00:07)} 13. Nxd1 {(01:13)} cxb5 {(00:04)} 14. axb5 {(01:
48)} Kb8 {(00:18)} 15. e6 {(04:28)} Bxe6 {(00:55)} 16.
Bf4+ {(00:24)} Kc8 {(00:05)} 17. Rc1+ {(00:49)} Kd7 {
(00:04)} 18. Rc7+ {(00:42)} Ke8 {(00:04)} 19. Rxb7 {
(00:51)} g5 {(03:00)} 20. Bxg5 {(14:47)} Rg8 {(01:
50)} 21. Be3 {(04:35)} Ra8 {(40:00)} 22. Bxb6 {(15:09)}
axb6 {(00:10)} 23. Rxb6 {(01:14)} Bc4 {(06:26)} 24. Nec3 {
(07:21)} Rg5 {(06:07)} 25. Ne3 {(07:28)} Bd3 {(13:
03)} 26. f4 {(07:34)} Rc5 {(02:05)} 27. Kf2 {(01:06)} Bg7
{(01:58)} 28. Rd1 {(01:43)} Bxc3 {(00:40)} 29. Rxd3 {
(03:47)} Bxb2 {(00:05)} 30. Kf3 {(03:54)} f5 {(12:
54)} 31. Rb7 {(06:36)} Rd8 {(04:37)} 32. Rb3 {(01:48)} Bd4
{(00:22)} 33. b6 {(00:56)} Rdc8 {(02:12)} 34. Rd3 {
(02:19)} Rd8 {(00:13)} 35. Rb3 {(03:50)} Rdc8 {(00:
24)} 36. Ra7 {(01:31)} Rb8 {(00:33)} 37. b7 {(02:19)} Kd7
{(04:47)} 38. Rd3 {(00:41)} 1-0

[Event "42nd Olympiad Baku 2016 Open"]
[Site "Baku"]
[Date "2016.09.03"]
[Round "2.32"]
[White "Guliyev, Namig"]
[Black "Malisauskas, Vidmantas"]
[Result "1-0"]
[ECO "B60"]
[WhiteElo "2577"]
[BlackElo "2434"]
[Annotator ""]
[PlyCount "59"]
[EventDate "2016.??.??"]
[EventCountry "AZE"]
[SourceTitle "playchess.com"]
[Source "ChessBase"]
[WhiteTeam "Azerbaijan"]
[BlackTeam "Lithuania"]
[WhiteTeamCountry "AZE"]
[BlackTeamCountry "LTU"]
[TimeControl "40/5400+30:1800+30"]

1. e4 {(00:22)} c5 {(00:00)} 2. Nf3 {(00:06)} d6 {(
00:00)} 3. d4 {(00:57)} cxd4 {(00:19)} 4. Nxd4 {(00:04)}
Nf6 {(00:08)} 5. Nc3 {(00:03)} Nc6 {(00:22)} 6. Bg5 {
(02:16)} Qb6 {(00:13)} 7. Nb3 {(00:10)} e6 {(00:09]
} 8. Bxf6 {(02:44)} gxf6 {(00:11)} 9. Qd2 {(00:04)} a6 {
(01:01)} 10. O-O-O {(02:21)} Na5 {(00:35)} 11. Kb1 {
(05:20)} Nxb3 {(01:13)} 12. cxb3 {(00:12)} Bd7 {(
00:31)} 13. Rc1 {(00:06)} h5 {(03:06)} 14. f4 {(00:53)} h4
{(03:36)} 15. Be2 {(01:01)} Qf2 {(03:43)} 16. Rhg1 {
(01:53)} Be7 {(05:33)} 17. f5 {(04:48)} Qb6 {(05:
04)} 18. Na4 {(18:23)} Qa7 {(00:50)} 19. Rgf1 {(02:56)} b5
{(04:43)} 20. Nc3 {(00:14)} Rc8 {(00:35)} 21. b4 {(
02:20)} Qb6 {(04:15)} 22. a3 {(03:17)} Kd8 {(11:58)} 23.
Rc2 {(03:33)} Rc7 {(06:00)} 24. Rfc1 {(05:43)} Qf2 {
(03:11)} 25. Qd1 {(08:39)} Rxc3 {(11:12)} 26. Rxc3 {
(01:22)} exf5 {(02:04)} 27. Qc2 {(09:13)} Ke8 {(00:
31)} 28. Rc7 {(00:48)} Qb6 {(01:48)} 29. exf5 {(01:12)}
Bd8 {(00:35)} 30. Qe4+ {(00:11)} 1-0